 Seeded DCSS version 0.27.1-2-g3b301248ec (webtiles) character file.

Game seed: 11371839034581426746 (custom seed)

101 babuloseo the Skirmisher (level 5, -5/29 (41) HPs)
             Began as a Human Fighter on Sept 23, 2021.
             Slain by an orc priest (7 damage)
             ... on level 3 of the Dungeon.
             The game lasted 00:03:19 (2666 turns).

babuloseo the Skirmisher (Human Fighter)            Turns: 2666, Time: 00:03:20

HP:   -5/29 (41)    AC:  9    Str: 16 (18) XL:     5   Next: 4%
MP:   5/5           EV:  4    Int:  5 (8)  God:
Gold: 65            SH:  9    Dex: 11 (12) Spells: 4/4 levels left

rFire    . . .     SeeInvis .   a - +0 long sword
rCold    . . .     Faith    .   c - +0 kite shield
rNeg     . . .     Spirit   .   f - +0 chain mail
rPois    .         Reflect  .   (no helmet)
rElec    .         Harm     .   (no cloak)
rCorr    .         Rampage  .   (no gloves)
Will     .....                  (no boots)
Stlth    ..........             (no amulet)
HPRegen  0.09/turn              (no ring)
MPRegen  0.09/turn              (no ring)

@: very heavily drained
A: no striking features
a: no special abilities


You were on level 3 of the Dungeon.
You visited 1 branch of the dungeon, and saw 3 of its levels.

You collected 65 gold pieces.

Inventory:

Hand Weapons
 a - a +0 long sword (weapon)
Missiles
 e - 4 boomerangs (quivered)
Armour
 b - a +0 scale mail
 c - a +0 kite shield (worn)
 f - a +0 chain mail (worn)
Potions
 d - a potion of might
 j - a potion of lignification {unknown}
 m - a potion of attraction


   Skills:
 + Level 3.5 Fighting
 * Level 3.4 Long Blades
 - Level 3.0 Armour
 + Level 1.5 Dodging
 + Level 3.5 Shields


You had 4 spell levels left.
You didn't know any spells.
Your spell library was empty.

Dungeon Overview and Level Annotations

Branches:
Dungeon (3/15)

Altars:


Message History

You hit the orc priest but do no damage.
The orc priest is severely wounded.
The orc priest hits you with a +2 flail of draining.
You feel drained.
You barely miss the orc priest.
The orc priest is severely wounded.
The orc priest hits you with a +2 flail of draining.
You feel drained.
The orc priest hits you with a +2 flail of draining.
You feel drained.
You barely miss the orc priest.
The orc priest is severely wounded.
The orc priest hits you with a +2 flail of draining!
* * * LOW HITPOINT WARNING * * *
You feel drained.
* * * LOW HITPOINT WARNING * * *
You hit the orc priest but do no damage.
The orc priest is severely wounded.
The orc priest hits you with a +2 flail of draining.
* * * LOW HITPOINT WARNING * * *
You feel drained. The orc priest completely misses you.
You riposte.
You hit the orc priest.
The orc priest is almost dead.
You hit the orc priest but do no damage.
The orc priest is almost dead.
The orc priest hits you with a +2 flail of draining.
* * * LOW HITPOINT WARNING * * *
You feel drained.
* * * LOW HITPOINT WARNING * * *
You hit the orc priest but do no damage.
The orc priest is almost dead.
You block the orc priest's attack. The orc priest completely misses you.
You riposte.
You hit the orc priest but do no damage.
The orc priest is almost dead.
Unknown command.
You closely miss the orc priest.
The orc priest is almost dead.
The orc priest hits you with a +2 flail of draining!
You die...

#...o..............
######'###.########
#.# #.# ###+###.#
#.......###########
#.........>........
#..................
########o.........(
#@..........
####........
#........ #........
#........ #........
#........ #........
....#####


You could see an orc priest.

Vanquished Creatures
  A gnoll (D:2)
  4 adders
  2 worms
  2 dart slugs (D:1)
  3 orcs (D:2)
  4 ball pythons
  4 endoplasms
  A giant cockroach (D:1)
  3 goblins (D:1)
  5 hobgoblins
  2 jackals (D:2)
  A kobold (D:2)
  2 quokkas
  3 bats
  2 frilled lizards (D:1)
  3 rats
42 creatures vanquished.

Notes
Turn   | Place    | Note
-------+----------+-------------------------------------------
     0 | D:1      | babuloseo the Human Fighter began the quest for the Orb.
     0 | D:1      | Reached XP level 1. HP: 18/18 MP: 1/1
    54 | D:1      | Reached XP level 2. HP: 18/24 MP: 2/2
   445 | D:1      | Reached XP level 3. HP: 29/29 MP: 3/3
   832 | D:2      | Reached skill level 1 in Dodging
  1141 | D:2      | Reached XP level 4. HP: 35/35 MP: 4/4
  2400 | D:2      | Reached XP level 5. HP: 20/41 MP: 5/5
  2666 | D:3      | Slain by an orc priest

Illustrated notes

Levels and vault maps discovered:
D:1:      amcnicky_arrival_abandoned_market, layout_rooms, dk_noncrumbling_4,
          minmay_close_crescents
D:2:      layout_basic, hellmonk_ecumenical_altar_lost_god,
          cheibrodos_gnoll_hut, uniq_robin
D:3:      layout_basic, serial_shops, nicolae_shop_waterfront

Skill      XL: |  1  2  3 |
---------------+----------+-----
Dodging        | 1 |  1.5
Long Blades    | 3 |  3.4
Fighting       | |  3.5
Armour         | |  3.0
Shields        | |  3.5

Action                   |  1- 3 |  4- 6 || total
-------------------------+-------+-------++-------
Melee: Long sword        |    64 |    99 ||   163
  Use: Scroll            |       |     6 ||     6
       Potion            |       |     1 ||     1
Armor: Scale mail        |    20 |    51 ||    71
       Chain mail        |       |     3 ||     3
Dodge: Dodged            |    16 |    40 ||    56
Block: Kite shield       |    33 |    64 ||    97
       Rpst.: Long sword |     5 |    11 ||    16
